 Dungeon Crawl Stone Soup version 0.22.1-1-ga44c0e56f4 (webtiles) character file.

46 Riddle the Grave Robber (level 3, -8/24 HPs)
             Began as a Mummy Necromancer on Sept 19, 2018.
             Killed from afar by Natasha (10 damage)
             ... with a wand of flame (27)
             ... on level 2 of the Dungeon.
             The game lasted 00:02:43 (1425 turns).

Riddle the Grave Robber (Mummy Necromancer)         Turns: 1425, Time: 00:02:43

Health: -8/24      AC:  2    Str: 11    XL:     3   Next: 44%
Magic:  3/8        EV: 12    Int: 15    God:
Gold:   100        SH:  0    Dex: 12    Spells: 7/9 levels left

rFire    x . .     SeeInvis .   (no weapon)
rCold    + . .     Gourm    .   (no shield)
rNeg     + + +     Faith    .   a - +0 robe
rPois    ∞         Spirit   .   (no helmet)
rElec    .         Reflect  .   (no cloak)
rCorr    .         Harm     .   (no gloves)
MR       .....                  (no boots)
Stlth    ++........             (no amulet)
HPRegen  0.08/turn              (no ring)
MPRegen  0.11/turn              (no ring)

@: no status effects
A: no food or potions, fire vulnerability, cold resistance 1, negative energy
resistance 3, torment resistance, unbreathing
a: no special abilities


You were on level 2 of the Dungeon.
You were not hungry.

You visited 1 branch of the dungeon, and saw 3 of its levels.

You collected 100 gold pieces.

Inventory:

Armour
 a - a +0 robe (worn)
Scrolls
 b - 2 scrolls of identify {unknown}
 c - 2 scrolls of immolation {unknown}
 d - a scroll of remove curse {unknown}


   Skills:
 + Level 1.7 Dodging
 + Level 1.7 Stealth
 + Level 3.5 Spellcasting
 + Level 4.7 Necromancy


You had 7 spell levels left.
You knew the following spells:

 Your Spells              Type           Power        Failure   Level  Hunger
a - Pain                  Necr           ###.         2%          1    N/A
b - Animate Skeleton      Necr           N/A          2%          1    N/A

Your spell library contained the following spells:

 Spells                   Type           Power        Failure   Level  Hunger
 Vampiric Draining        Necr           ###.......   9%          3    N/A
 Animate Dead             Necr           N/A          26%         4    N/A
 Regeneration             Chrm/Necr      Unusable     N/A         3    N/A

Dungeon Overview and Level Annotations

Branches:
Dungeon (3/15)

Altars:

Annotations:
D:2 Natasha


Innate Abilities, Weirdness & Mutations

You do not eat or drink.
Your flesh is vulnerable to fire.
You are immune to poison.
Your flesh is cold resistant. (rC+)
You are immune to negative energy. (rN+++)
You are immune to unholy pain and torment.
You can survive without breathing.


Message History

The stone barely misses you.
Natasha stares at you and mumbles some strange words.
The magic dart hits you!
Casting: Pain (safe; 2% risk of failure)
Confirm with . or Enter, or press ? or * to list all spells.
Aiming: Pain (safe; 2% risk of failure)
Press: ? - help, Shift-Dir - straight line, f/p - adder
Aim: an adder (moderately wounded, chance to defeat MR: 81%)
The adder writhes in agony!
The adder barely misses you.
The kobold throws a stone.
The stone closely misses you.
A gnoll comes into view. It is wielding a spear.
The adder bites you but does no damage. The adder misses you.
Natasha zaps a wand.
The puff of flame hits you! The fire burns you terribly!
* * * LOW HITPOINT WARNING * * *
It is a wand of flame (27).
The adder bites you.
* * * LOW HITPOINT WARNING * * *
Natasha zaps a wand.
The puff of flame hits you! The fire burns you terribly!
You die...

##........### ## ..###
#####......# #####. .K...#
##.#.h..###..... ......#
##...##........... .......
#hh#####......#... .......
#.# ####..###..
.......##.# ##....###..
.......#..######..##..###.
..g..g†g.@....)<.####.###.
.......#S#..###### #..#..
.....#......# ## ##....
##.# ##.#.#... ..# #...# #
#.S.#######.. #.#.. ....#
#....# ..##. .#.#.# #.....
..#### ##.#.# #....##.. ..
#.#.# #....#######.


You could see Natasha, 3 gnolls, an adder and a jackal.

Vanquished Creatures
  Natasha (D:2)
  A dart slug (D:3)
  A leopard gecko (D:1)
  5 bats
  3 goblins
  A hobgoblin (D:1)
  A jackal (D:3)
  A frilled lizard (D:1)
  A kobold (D:3)
  4 rats
19 creatures vanquished.

Notes
Turn   | Place    | Note
-------+----------+-------------------------------------------
     0 | D:1      | Riddle the Mummy Necromancer began the quest for the Orb.
     0 | D:1      | Reached XP level 1. HP: 13/13 MP: 4/4
   215 | D:1      | You fall through a shaft!
   516 | D:3      | Reached XP level 2. HP: 11/19 MP: 1/6
   649 | D:3      | Learned a level 1 spell: Animate Skeleton
  1168 | D:2      | Noticed Natasha
  1177 | D:2      | Noticed a crimson imp
  1180 | D:2      | Killed Natasha
  1180 | D:2      | Reached XP level 3. HP: 20/24 MP: 0/7
  1327 | D:2      | Noticed Natasha
  1425 | D:2      | Killed from afar by Natasha

Skill      XL: |  1 |
---------------+----+-----
Spellcasting   | 3 |  3.5
Dodging        | |  1.7
Stealth        | |  1.7
Necromancy     | |  4.7

Action                   || total
-------------------------++-------
Melee: Unarmed           ||    11
 Cast: Pain              ||    43
       Animate Skeleton  ||     2
Armor: Robe              ||    16
Dodge: Dodged            ||    35
